 Dungeon Crawl Stone Soup version 0.31-a0-931-g7b59d4eb97 (webtiles) character file.

Game seed: 7886045046856855901

204638 GigaChad the Severer (level 19, -1/148 HPs) *EXPLORE*
             Began as a Human Fighter on Oct 19, 2023.
             Was the Champion of the Shining One.
             Slain by a black mamba (9 damage)
             ... led by a naga ritualist
             ... on level 4 of the Snake Pit.
             The game lasted 00:52:48 (34880 turns).

GigaChad the Severer (Human Fighter)               Turns: 34880, Time: 00:52:49

Health: -1/148     AC: 18    Str: 30    XL:     19   Next: 36%
Magic:  31/31      EV:  7    Int: 10    God:    the Shining One [******]
Gold:   2604       SH: 22    Dex: 15    Spells: 35/35 levels left

rFire   + . .        a - +3 war axe (heavy)
rCold   + + .        d - +4 tower shield
rNeg    + + +        O - +0 plate armour {rC+}
rPois   .            l - -1 helmet of Beyond {Fly rC+ Dex+3}
rElec   .            P - +0 cloak of Time Monsters {rF+}
rCorr   .            (no gloves)
SInv    .            (no boots)
Will    +....        (no amulet) Stlth
                     b - +4 ring of slaying
HPRegen 0.44/turn    c - +6 ring of strength
MPRegen 0.22/turn

%: no passive effects
@: lethally poisoned (-1 -> -13), flying, glowing
A: no striking features
}: 1/15 runes: barnacled
a: Renounce Religion, Divine Shield, Cleansing Flame, Summon Divine Warrior,
Brand Weapon With Holy Wrath


You were on level 4 of the Snake Pit.
You worshipped the Shining One.
The Shining One was exalted by your worship.
You visited 6 branches of the dungeon, and saw 27 of its levels.
You visited the Abyss 2 times.
You also visited: Sewer, Bailey, Ice Cave and Volcano.

You collected 3099 gold pieces.
You spent 495 gold pieces at shops.

Inventory:

Hand Weapons
 a - a +3 heavy war axe (weapon)
 I - the +6 war axe "Undertaker" {venom, Str+2}
   (You found it on level 8 of the Dungeon)

   Str+2:     It affects your strength (+2).
 M - a +0 heavy double sword
 Q - a +1 battleaxe of flaming
Missiles
 K - 6 throwing nets
Armour
 d - a +4 tower shield (worn)
 l - the -1 helmet of Beyond (worn) {Fly rC+ Dex+3}
   (You found it on level 3 of the Dungeon)

   Dex+3:     It affects your dexterity (+3).
   rC+:       It protects you from cold.
   Fly:       It grants you flight.
 O - a +0 plate armour of cold resistance (worn)
 P - the +0 cloak of Time Monsters (worn) {rF+}
   (You found it on level 4 of the Shoals)

   rF+:       It protects you from fire.
Jewellery
 b - a +4 ring of slaying (left hand)
 c - a +6 ring of strength (right hand)
 e - a ring of resist corrosion
 k - an amulet of the acrobat
 o - a ring of protection from fire
 v - a ring of see invisible
 w - a +6 ring of intelligence
 y - a +5 ring of evasion
 A - an amulet of magic regeneration
 J - an amulet of guardian spirit
 X - a ring of poison resistance
 Y - the ring of Aroq {rPois Dex+2 SInv}
   (You bought it in a shop on level 4 of the Snake Pit)

   [ring of poison resistance]

   Dex+2:     It affects your dexterity (+2).
   rPois:     It protects you from poison SInv: It lets you see invisible.
Talismans
 m - a granite talisman
 W - a serpent talisman
Wands
 i - a wand of light (11)
 u - a wand of iceblast (18)
 D - a wand of digging (13)
 E - a wand of flame (59)
 G - a wand of mindburst (33)
 L - a wand of paralysis (25)
Scrolls
 f - 16 scrolls of teleportation
 g - 18 scrolls of identify
 n - 6 scrolls of noise
 q - 6 scrolls of blinking
 B - a scroll of immolation
 F - 3 scrolls of vulnerability
 H - 4 scrolls of silence
 R - 3 scrolls of fear
 V - a scroll of summoning
Potions
 h - 6 potions of curing {unknown}
 j - 6 potions of enlightenment {unknown}
 p - 4 potions of brilliance {unknown}
 r - 5 potions of lignification {unknown}
 s - 4 potions of haste {unknown}
 t - 3 potions of degeneration {unknown}
 x - 4 potions of attraction {unknown}
 z - 4 potions of mutation {unknown}
 C - a potion of berserk rage {unknown}
 N - a potion of resistance {unknown}
 Z - a potion of cancellation {unknown}
Miscellaneous
 S - a tin of tremorstones (2/2)
 T - a lightning rod (4/4)
 U - a phantom mirror


   Skills:
 * Level 12.7 Fighting
 * Level 16.8 Axes
 * Level 14.3 Armour
 * Level 10.7 Stealth
 * Level 14.0 Shields
 * Level 8.8 Spellcasting
 * Level 10.1 Invocations
 * Level 9.2 Evocations


You had 35 spell levels left.
You didn't know any spells.
Your spell library contained the following spells:

 Spells                   Type           Power      Damage    Failure   Level
 Apportation              Tloc           8%         N/A       89%         1
 Necrotise                Necr           16%        1d4       89%         1
 Sandblast                Erth           8%         2d5       89%         1
 Sting                    Tmut/Pois      16%        1d3       89%         1
 Summon Small Mammal      Summ           16%        N/A       89%         1
 Jinxbite                 Hex            8%         N/A       96%         2
 Passwall                 Tmut/Erth      3%         N/A       96%         2
 Poisonous Vapours        Pois/Air       8%         N/A       96%         2
 Call Canine Familiar     Summ           4%         N/A       99%         3
 Sigil of Binding         Hex            4%         N/A       99%         3
 Stone Arrow              Conj/Erth      8%         3d7       99%         3
 Summon Guardian Golem    Hex/Summ       4%         N/A       99%         3
 Tukima's Dance           Hex            4%         N/A       99%         3
 Animate Armour           Summ/Erth      8%         N/A       100%        4
 Brom's Barrelling Bould  Conj/Erth      4%         2d3       100%        4
 Dimensional Bullseye     Hex/Tloc       2%         N/A       100%        4
 Leda's Liquefaction      Hex/Erth       2%         N/A       100%        4
 Olgreb's Toxic Radiance  Pois           4%         N/A       100%        4
 Passage of Golubria      Tloc           4%         N/A       100%        4
 Summon Ice Beast         Ice/Summ       4%         N/A       100%        4
 Summon Lightning Spire   Summ/Air       4%         N/A       100%        4
 Alistair's Intoxication  Tmut/Pois      2%         N/A       100%        5
 Fireball                 Conj/Fire      2%         3d4       100%        5
 Iskenderun's Battlesphe  Conj           4%         2d6       100%        5
 Lee's Rapid Deconstruct  Erth           2%         3d4*      100%        5
 Summon Mana Viper        Hex/Summ       4%         N/A       100%        5
 Yara's Violent Unravell  Hex/Tmut       2%         3d3       100%        5
 Conjure Ball Lightning   Conj/Air       2%         3x3d6     100%        6
 Simulacrum               Ice/Necr       2%         N/A       100%        6
 Monstrous Menagerie      Summ           2%         N/A       100%        7
 Orb of Destruction       Conj           2%         9d5       100%        7
 Ozocubu's Refrigeration  Ice            2%         4d7       100%        7
 Spellforged Servitor     Conj/Summ      2%         N/A       100%        7
 Lehudib's Crystal Spear  Conj/Erth      2%         10d2      100%        8
 Polar Vortex             Ice            2%         N/A       100%        9


Dungeon Overview and Level Annotations

Branches:
Dungeon (11/15)            Temple (1/1) D:5            Lair (5/5) D:11
 Shoals (4/4) Lair:2        Snake (4/4) Lair:2        Slime (0/5) Lair:4
    Orc (2/2) D:9             Elf (0/3) Orc:2         Sewer (visited)
 Bailey (visited)           IceCv (visited)         Volcano (visited)

Altars:
Ashenzari
Cheibriados
Dithmenos
Elyvilon
Fedhas
Gozag
Hepliaklqana
Kikubaaqudgha
Makhleb
Nemelex Xobeh
Okawaru
Qazlal
Ru
Sif Muna
Trog
Uskayaw
Vehumet
Wu Jian
Xom
Yredelemnul
Zin
The Shining One
Jiyva

Shops:
Orc:2 ??*(=   Shoals:4 (   Snake:3 :(   Snake:4 [[=


Message History

Unknown command.
You feel sick. The naga warrior spits poison at you.
The splash of poison hits you!
You are more poisoned.
* * * LOW HITPOINT WARNING * * *
You feel sick. You block the black mamba's attack. x2
The naga warrior spits poison at you. The splash of poison hits you!
You are more poisoned.
* * * LOW HITPOINT WARNING * * *
Unknown command.
A naga comes into view. It is wielding a +0 glaive.
You feel very sick.
The naga shouts!
The naga spits poison at you.
The splash of poison hits you but does no damage.
You are more poisoned.
You block the black mamba's attack. You block the naga warrior's attack. x2
You closely miss the black mamba. You barely miss the naga warrior.
You feel very sick.
The black mamba bites you but does no damage.
You block the black mamba's attack. The naga warrior spits poison at you.
The splash of poison hits you.
You are lethally poisoned!
* * * LOW HITPOINT WARNING * * *
The black mamba bites you but does no damage.
You slash the black mamba!
The black mamba is moderately wounded.
You slash the naga! You completely miss the naga warrior.
* * * LOW HITPOINT WARNING * * *
You feel very sick. You block the black mamba's attack.
The naga closely misses you. You block the naga's attack.
The naga warrior spits poison at you. You block the splash of poison.
A mana viper comes into view.
The black mamba bites you!
You die...

....## #...## ...##
#..##.S. .### ..# #... ##
... #... # ###...# #..N
###... #... .#... #...##
...## #NNS## ....###.
#.N@.## ........ ##....##
........ #..)..##
........ ##...).##
........ ##.....##
........
####.....##########
.#####..
.................... .#
..........)......... .#
....................†)†..


You could see 2 naga warriors, a mana viper (wandering), a black mamba and 2
nagas.

Vanquished Creatures
  Nikola (Snake:1)
  Polyphemus (Shoals:3)
  3 tentacled starspawn (Abyss:2)
  Donald (Shoals:4)
  The ghost of javelincjr the Unforgettable, an adept GnSu of Hepliaklqana (Shoals:4)
  Kirke (Snake:1)
  4 nagarajas
  A fire giant (Orc:1)
  2 frost giants (Shoals:1)
  Louise (Snake:1)
  A very ugly thing (Abyss:2)
  2 blizzard demons (IceCv)
  A red draconian (Volcano)
  2 ettins (Orc:1)
  7 merfolk javelineers (Shoals:4)
  12 merfolk impalers
  A spriggan zombie (Abyss:2)
  Erolcha (D:10)
  A caustic shrike simulacrum (IceCv)
  A centaur warrior (Volcano)
  2 salamander tyrants
  2 merfolk avatars
  6 catoblepae
  4 boulder beetles
  7 merfolk aquamancers
  2 two-headed ogres
  8 anacondas
  3 alligator snapping turtles
  15 death yaks
  16 naga warriors
  A satyr (Shoals:4)
  An orc high priest (Orc:2)
  7 shock serpents
  3 naga sharpshooters
  3 skysharks
  A wretched star (Abyss:2)
  2 salamander mystics (Snake:3)
  10 sea snakes
  3 kraken simulacra
  A bog body (IceCv)
  An orc knight (Orc:2)
  2 large abominations (Abyss:2)
  10 spriggan simulacra (IceCv)
  3 phantasmal warriors
  An obsidian statue (IceCv)
  5 mana vipers
  4 naga ritualists
  15 harpies
  16 cyclopes
  A will-o-the-wisp (Abyss:2)
  10 manticores
  2 moths of wrath (Shoals:4)
  11 salamanders
  7 elephants
  15 naga magi
  2 guardian serpents
  5 merfolk sirens
  8 water nymphs
  An orange demon (Abyss:2)
  2 torpor snails
  2 ice statues (Snake:3)
  3 molten gargoyles
  28 black mambas
  Jeremiah (Lair:1)
  2 smoke demons (Abyss:2)
  An unseen horror (D:11)
  A rime drake (Lair:1)
  A yaktaur (Volcano)
  13 cane toads
  A freezing wraith (IceCv)
  An anaconda simulacrum (IceCv)
  13 ice devils (IceCv)
  2 golden dragon simulacra (IceCv)
  6 komodo dragons
  2 trolls
  A spectral naga (Snake:3)
  2 hornets
  Grinder (D:5)
  42 merfolk
  2 alligator simulacra (IceCv)
  A polar bear (Lair:5)
  21 blink frogs
  5 dream sheep (Shoals:4)
  4 raiju (Abyss:2)
  8 wind drakes
  11 snapping turtles
  5 flying skulls (Abyss:2)
  Sigmund (D:3)
  2 spriggans (Bailey)
  49 yaks
  3 ynoxinuls (Abyss:2)
  7 wyverns
  2 dire elephant simulacra (IceCv)
  2 fire elementals
  9 water elementals
  5 basilisks
  6 minotaur simulacra (IceCv)
  4 sea snake simulacra (Shoals:1)
  2 alligator snapping turtle simulacra (Shoals:1)
  A death yak simulacrum (Shoals:1)
  A chaos spawn (Abyss:2)
  A neqoxec (Abyss:2)
  30 nagas
  4 wargs
  An acid dragon (Bailey)
  A hydra simulacrum (IceCv)
  9 water moccasins
  33 orc warriors
  2 sky beasts
  A satyr simulacrum (Shoals:1)
  6 ogres
  3 black bears
  3 small abominations (Abyss:2)
  25 wolves
  14 centaurs
  2 phantoms (D:4)
  A kobold brigand (D:8)
  19 bullfrogs
  2 merfolk simulacra (Shoals:1)
  6 deep troll simulacra (IceCv)
  2 faun simulacra (Shoals:1)
  3 gnoll sergeants
  5 wights (D:6)
  A scorpion (D:4)
  2 lindwurm simulacra (IceCv)
  3 manticore simulacra (Shoals:1)
  2 snapping turtle simulacra (Shoals:1)
  10 killer bees (D:9)
  5 electric eels (Lair:1)
  7 howler monkeys
  7 lava snakes
  2 hounds (D:7)
  7 jellies
  16 orc priests
  4 sleepcaps
  4 iguanas
  21 orc wizards
  5 centaur simulacra (Shoals:1)
  24 gnolls
  3 river rats (Sewer)
  13 adders
  2 white imps
  An ufetubus (Abyss:2)
  2 worms
  4 dart slugs
  96 orcs
  8 bats
  10 endoplasms
  4 giant cockroaches
  22 goblins
  12 hobgoblins
  5 quokkas
  11 ball pythons
  7 frilled lizards
  17 kobolds
  17 rats
  4 starspawn tentacles (Abyss:2)
  A tentacle (Shoals:4)
1069 creatures vanquished.

Vanquished Creatures (others)
  An anaconda (Snake:1)
  A black mamba (Snake:1)
  4 merfolk (Shoals:4)
  A yak (Lair:5)
  A naga (Snake:1)
  An orc wizard (Orc:2)
  24 foxfires (Abyss:2)
  6 starspawn tentacles (Abyss:2)
  24 tentacles
63 creatures vanquished.

Grand Total: 1132 creatures vanquished

Notes
Turn   | Place    | Note
-------+----------+-------------------------------------------
     0 | D:1      | GigaChad the Human Fighter began the quest for the Orb.
     0 | D:1      | Reached XP level 1. HP: 18/18 MP: 1/1
     0 | D:1      | Entered explore mode.
   224 | D:1      | Reached XP level 2. HP: 16/24 MP: 2/2
   661 | D:2      | Reached XP level 3. HP: 22/29 MP: 3/3
   806 | D:2      | Reached XP level 4. HP: 30/35 MP: 4/4
   938 | D:2      | Reached skill level 3 in Axes
  1333 | D:3      | Reached XP level 5. HP: 39/41 MP: 5/5
  1360 | D:3      | Identified the -1 helmet of Beyond {Fly rC+ Dex+3}
  1390 | D:3      | Noticed Sigmund
  1400 | D:3      | Killed Sigmund
  1401 | D:3      | Reached skill level 4 in Axes
  1401 | D:3      | Reached XP level 6. HP: 34/47 MP: 6/6
  1736 | D:3      | Found a glowing drain.
  1746 | Sewer    | Entered a sewer
  1772 | Sewer    | Reached skill level 5 in Axes
  2486 | D:4      | Reached XP level 7. HP: 52/52 MP: 7/7
  2852 | D:4      | Reached skill level 6 in Axes
  3197 | D:4      | Found a snail-covered altar of Cheibriados.
  3207 | D:4      | Reached XP level 8. HP: 54/60 MP: 8/8
  3403 | D:4      | Reached skill level 5 in Armour
  3828 | D:5      | Entered Level 5 of the Dungeon
  3834 | D:5      | Reached skill level 7 in Axes
  3942 | D:5      | Found a bloodstained altar of Trog.
  4219 | D:5      | Found a staircase to the Ecumenical Temple.
  4305 | Temple   | Entered the Ecumenical Temple
  4322 | Temple   | Became a worshipper of the Shining One
  4370 | D:5      | Noticed Grinder
  4377 | D:5      | Killed Grinder
  4678 | D:6      | Found a hazy altar of Hepliaklqana.
  4680 | D:6      | Found a hide-covered altar of Uskayaw.
  4684 | D:6      | Found an ornate altar of the Wu Jian Council.
  4699 | D:6      | Reached XP level 9. HP: 51/65 MP: 9/9
  4700 | D:6      | Reached skill level 8 in Axes
  4713 | D:6      | Reached skill level 5 in Shields
  4897 | D:6      | Found a sparkling altar of Nemelex Xobeh.
  5190 | D:7      | Noticed a hornet
  5197 | D:7      | Paralysed by a hornet for 1 turns
  5199 | D:7      | Killed a hornet
  5422 | D:7      | Reached * piety under the Shining One
  5423 | D:7      | Reached skill level 1 in Stealth
  5423 | D:7      | Reached skill level 1 in Invocations
  5428 | D:7      | Reached skill level 1 in Evocations
  5429 | D:7      | Reached skill level 1 in Spellcasting
  5640 | D:7      | Noticed a cyclops
  5650 | D:7      | Killed a cyclops
  5651 | D:7      | Reached skill level 9 in Axes
  6018 | D:7      | Reached XP level 10. HP: 66/73 MP: 12/12
  6126 | D:7      | Found an iron altar of Okawaru.
  6245 | D:8      | Reached skill level 5 in Fighting
  6487 | D:8      | Reached skill level 10 in Axes
  6737 | D:8      | Identified the +9 quarterstaff of Daitwool {antimagic, rN+
                  | rCorr}
  6793 | D:8      | Found a glowing silver altar of Zin.
  6864 | D:8      | Identified the +5 whip "Lipy" {flame, *Noise Will++ Str+3
                  | Int+3}
  7173 | D:8      | Found a stormy altar of Qazlal.
  7208 | D:8      | Identified the +6 war axe "Undertaker" {venom, Str+2}
  7381 | D:9      | Reached XP level 11. HP: 44/81 MP: 14/14
  7530 | D:9      | Reached ** piety under the Shining One
  7899 | D:9      | Paralysed by a gnoll for 5 turns
  7899 | D:9      | HP: 1/81 [troll (8)]
  7900 | D:9      | The Shining One protects you from harm!
  7900 | D:9      | Slain by a killer bee (2 damage)
                  | ... while paralysed by a gnoll
  7904 | D:9      | The Shining One protects you from harm!
  7904 | D:9      | Slain by a gnoll
                  | ... wielding a +0 double sword
                  | ... led by a gnoll sergeant
                  | (7 damage)
  7906 | D:9      | Paralysed by a gnoll for 3 turns
  7908 | D:9      | HP: 2/81 [troll (9)]
  7909 | D:9      | Succumbed to an orc wizard's poison
  8069 | D:9      | Found a staircase to the Orcish Mines.
  8272 | D:9      | Found a runed translucent door.
  8367 | D:9      | Reached skill level 11 in Axes
  8447 | Lair:5   | Identified the "Eduoclop"
  8447 | Orc:1    | Entered Level 1 of the Orcish Mines
  8506 | Orc:1    | Noticed a cyclops
  8506 | Orc:1    | Noticed a cyclops
  8506 | Orc:1    | Noticed a cyclops
  8506 | Orc:1    | Noticed a cyclops
  8506 | Orc:1    | Noticed a cyclops
  8512 | Orc:1    | Killed a cyclops
  8512 | Orc:1    | Killed a cyclops
  8513 | Orc:1    | The Shining One protects you from harm!
  8515 | Orc:1    | Killed a cyclops
  8515 | Orc:1    | Mangled by a cyclops (24 damage)
  8519 | Orc:1    | Killed a cyclops
  8519 | Orc:1    | Killed a cyclops
  8530 | Orc:1    | Noticed a cyclops
  8530 | Orc:1    | Noticed a cyclops
  8533 | Orc:1    | Hit by a large rock thrown by a cyclops (18 damage)
  8851 | Orc:1    | Noticed a salamander
  8870 | Orc:1    | Killed a salamander
  8977 | Orc:1    | Noticed a cyclops
  8981 | Orc:1    | Reached *** piety under the Shining One
  8983 | Orc:1    | Killed a cyclops
  9038 | Orc:1    | Killed a cyclops
  9048 | Orc:1    | Killed a cyclops
  9049 | Orc:1    | Reached XP level 12. HP: 83/89 MP: 17/17
  9462 | Orc:1    | Noticed an ettin
  9468 | Orc:1    | Demolished by an ettin
                  | ... wielding a +0 dire flail
                  | (25 damage)
  9470 | Orc:1    | Killed an ettin
  9474 | Orc:1    | Reached skill level 12 in Axes
  9476 | Orc:1    | Slain by a cyclops (22 damage)
  9584 | Orc:1    | Noticed an ettin
  9585 | Orc:1    | Noticed a fire giant
  9591 | Orc:1    | Annihilated by an ettin
                  | ... wielding a +0 dire flail
                  | (33 damage)
  9593 | Orc:1    | HP: 3/89 [fire giant/+2 great sword of flaming (8)]
  9593 | Orc:1    | Demolished by an ettin
                  | ... wielding a +0 dire flail
                  | (20 damage)
  9595 | Orc:1    | Killed an ettin
  9596 | Orc:1    | Reached skill level 5 in Stealth
  9596 | Orc:1    | Mangled by a fire giant
                  | ... wielding a +2 great sword of flaming
                  | (31 damage)
  9599 | Orc:1    | Killed a fire giant
  9646 | Orc:1    | Identified the +6 arbalest "Ultimatum" {flame, rElec}
  9648 | Orc:1    | Identified the +1 steam dragon scales "Ymmeav" {Harm rElec
                  | Dex+4}
  9664 | Gauntlet | Identified the of Ditiemeum
  9664 | Orc:2    | Entered Level 2 of the Orcish Mines
  9664 | Orc:2    | Noticed an orc high priest
  9664 | Orc:2    | Found Querean's Jewellery Shoppe.
  9686 | Orc:2    | Reached skill level 5 in Invocations
  9912 | Orc:2    | Found a dark tunnel.
  9950 | Volcano  | Entered a volcano
  9969 | Volcano  | Noticed a red draconian
  9974 | Volcano  | Killed from afar by a red draconian (17 damage)
                  | ... with a searing blast
  9981 | Volcano  | Killed from afar by a red draconian (38 damage)
                  | ... with a searing blast
  9986 | Volcano  | Killed a red draconian
 10312 | Volcano  | Noticed a centaur warrior
 10317 | Volcano  | Killed a centaur warrior
 10585 | Orc:2    | Found a staircase to the Elven Halls.
 10700 | Orc:2    | Noticed a sun demon
 10703 | Orc:2    | Killed an orc high priest
 10704 | Orc:2    | Reached XP level 13. HP: 63/96 MP: 19/19
 10710 | Orc:2    | Shot with an arrow by a centaur (5 damage)
 10718 | Orc:2    | Mangled by an orc warrior
                  | ... wielding a +0 battleaxe
                  | (15 damage)
 10721 | Orc:2    | Mangled by an orc warrior
                  | ... wielding a +0 battleaxe
                  | (12 damage)
 10724 | Orc:2    | Reached skill level 13 in Axes
 10726 | Orc:2    | Reached skill level 5 in Evocations
 10727 | Orc:2    | HP: 1/97 [troll (9)]
 10727 | Orc:2    | Slain by a troll (3 damage)
 10975 | Orc:2    | Found Zofoipru's Magic Scroll Emporium.
 10976 | Orc:2    | Found Yhurch's General Store.
 10976 | Orc:2    | Found Takobuci's Magic Scroll Shoppe.
 10979 | Orc:2    | Found Lextall's Antique Weapon Shop.
 11304 | D:10     | Entered Level 10 of the Dungeon
 11312 | D:10     | Reached **** piety under the Shining One
 11640 | D:10     | Found a flagged portal.
 11648 | Bailey   | Entered a bailey
 11991 | D:10     | Noticed Erolcha
 11991 | Abyss:2  | Cast into level 2 of the Abyss (Erolcha)
 12042 | Abyss:2  | Noticed a tentacled starspawn
 12050 | Abyss:2  | Killed a tentacled starspawn
 12051 | Abyss:2  | Reached skill level 5 in Spellcasting
 12066 | Abyss:2  | Slain by a phantasmal warrior (13 damage)
 12118 | Abyss:2  | Engulfed by a smoke demon's steam (19 damage)
 12122 | Abyss:2  | Slain by a raiju (9 damage)
 12132 | Abyss:2  | HP: 2/98 [raiju/living lightning (10)]
 12134 | Abyss:2  | Reached ***** piety under the Shining One
 12137 | Abyss:2  | Mangled by a flying skull (10 damage)
 12171 | Abyss:2  | Noticed a rakshasa
 12176 | Abyss:2  | Noticed a tentacled starspawn
 12188 | Abyss:2  | Killed a tentacled starspawn
 12189 | Abyss:2  | Reached XP level 14. HP: 77/105 MP: 18/21
 12207 | Abyss:2  | Noticed an ophan
 12211 | Abyss:2  | HP: 2/105 [ophan/bolt of fire (13)]
 12211 | Abyss:2  | The Shining One protects you from harm!
 12211 | Abyss:2  | Mangled by a large abomination (12 damage)
 12218 | Abyss:2  | Killed from afar by a will-o-the-wisp (26 damage)
                  | ... with a foxfire
 12224 | Abyss:2  | Killed from afar by a will-o-the-wisp (21 damage)
                  | ... with a foxfire
 12227 | Abyss:2  | HP: 3/105 [will-o-the-wisp (illusionary) (12)]
 12228 | Abyss:2  | HP: 1/105 [will-o-the-wisp (illusionary) (2)]
 12229 | Abyss:2  | Killed from afar by a will-o-the-wisp (13 damage)
                  | ... with a foxfire
 12234 | Abyss:2  | HP: 1/105 [rakshasa/lance of force (21)]
 12237 | Abyss:2  | Killed from afar by a will-o-the-wisp (13 damage)
                  | ... with a foxfire
 12269 | Abyss:2  | Noticed a red very ugly thing
 12279 | Abyss:2  | HP: 2/105 [red very ugly thing (4)]
 12280 | Abyss:2  | Killed a red very ugly thing
 12298 | Abyss:2  | Reached skill level 10 in Armour
 12323 | Abyss:2  | Noticed a tentacled starspawn
 12329 | Abyss:2  | HP: 3/106 [tentacled starspawn (17)]
 12330 | Abyss:2  | The Shining One protects you from harm!
 12331 | Abyss:2  | Killed a tentacled starspawn
 12332 | Abyss:2  | Reached skill level 14 in Axes
 12338 | D:10     | Escaped the Abyss
 12342 | D:10     | Slain by Erolcha
                  | ... wielding a +0 giant club
                  | (13 damage)
 12345 | D:10     | Killed Erolcha
 12468 | D:10     | Found a white marble altar of Elyvilon.
 13261 | D:11     | Found a staircase to the Lair.
 13570 | Lair:1   | Entered Level 1 of the Lair of Beasts
 13683 | Lair:1   | Noticed Jeremiah
 13788 | Lair:1   | Killed Jeremiah
 14377 | Lair:1   | HP: 2/106 [lava snake/glob of lava (13)]
 14380 | Lair:1   | The Shining One protects you from harm!
 15394 | Lair:2   | Found a staircase to the Shoals.
 16555 | Lair:2   | Found a staircase to the Snake Pit.
 17238 | Lair:3   | Reached XP level 15. HP: 113/113 MP: 24/24
 17747 | Lair:4   | You are sucked into a shaft and drop 1 floor!
 17747 | Lair:5   | Entered Level 5 of the Lair of Beasts
 17764 | Lair:5   | Slain by a death yak (9 damage)
                  | ... while petrified by a catoblepas
 17779 | Lair:5   | HP: 5/113 [catoblepas (1)]
 17779 | Lair:5   | HP: 2/113 [death yak (3)]
 17780 | Lair:5   | Slain by a yak (5 damage)
                  | ... while petrified by a catoblepas
 17802 | Lair:5   | HP: 2/113 [catoblepas (6)]
 17803 | Lair:5   | Mangled by a death yak (8 damage)
                  | ... while petrified by a catoblepas
 18127 | Lair:5   | Reached skill level 15 in Axes
 18685 | Lair:5   | Slain by a manticore (8 damage)
 18792 | Lair:5   | Reached skill level 10 in Shields
 18947 | Lair:5   | HP: 5/114 [yak[a torpor snail] (2)]
 18947 | Lair:5   | Slain by a death yak (10 damage)
                  | ... while petrified by a catoblepas
 18956 | Lair:5   | Slain by a death yak (10 damage)
                  | ... while petrified by a catoblepas
 18964 | Lair:5   | HP: 3/114 [yak (4)]
 18966 | Lair:5   | HP: 1/114 [death yak (2)]
 18966 | Lair:5   | Killed from afar by a catoblepas (1 damage)
                  | ... with a blast of calcifying dust
                  | ... while petrified by a catoblepas
 18973 | Lair:5   | Slain by a death yak (11 damage)
 18996 | Lair:5   | HP: 2/115 [catoblepas (17)]
 19085 | Lair:5   | HP: 5/115 [elephant (3)]
 19085 | Lair:5   | HP: 2/115 [elephant (3)]
 19099 | Lair:5   | HP: 2/115 [polar bear (6)]
 20030 | Lair:4   | Found a staircase to the Slime Pits.
 20030 | Lair:4   | Found a viscous altar of Jiyva.
 21242 | Shoals:1 | Entered Level 1 of the Shoals
 21257 | Shoals:1 | Mangled by an alligator snapping turtle (29 damage)
 21264 | Shoals:1 | Reached XP level 16. HP: 32/122 MP: 26/26
 21278 | Shoals:1 | HP: 5/122 [wind drake/the air (21)]
 21280 | Shoals:1 | Mangled by an alligator snapping turtle (16 damage)
 21589 | Shoals:1 | Found a runed translucent gate.
 21589 | Shoals:1 | Found a runed translucent gate.
 21589 | Shoals:1 | Found a runed translucent gate.
 21594 | Shoals:1 | Reached skill level 10 in Fighting
 21638 | Shoals:1 | Noticed a frost giant
 21641 | Shoals:1 | Noticed a frost giant
 21641 | Shoals:1 | Reached ****** piety under the Shining One
 21731 | Shoals:1 | The Shining One protects you from harm!
 21731 | Shoals:1 | HP: 2/122 [snapping turtle simulacrum (5)]
 21732 | Shoals:1 | Demolished by a frost giant
                  | ... wielding a +2 battleaxe of freezing
                  | (18 damage)
 21737 | Shoals:1 | Killed a frost giant
 21738 | Shoals:1 | HP: 4/122 [snapping turtle simulacrum (5)]
 21739 | Shoals:1 | Killed from afar by a frost giant (10 damage)
                  | ... with a bolt of cold
 21741 | Shoals:1 | Killed a frost giant
 24279 | Shoals:3 | Succumbed to a merfolk impaler's poison
 24555 | Shoals:3 | HP: 1/123 [merfolk impaler/+0 trident (8)]
 24556 | Shoals:3 | Mangled by a merfolk impaler
                  | ... wielding a +0 trident
                  | (10 damage)
 24724 | Shoals:3 | HP: 4/123 [snapping turtle (11)]
 24725 | Shoals:3 | Succumbed to a merfolk impaler's poison
 24729 | Shoals:3 | Reached skill level 16 in Axes
 24731 | Shoals:3 | HP: 4/123 [poisoned by a merfolk impaler]
 24731 | Shoals:3 | Demolished by a snapping turtle (19 damage)
 24802 | Shoals:3 | HP: 4/123 [poisoned by a merfolk]
 24802 | Shoals:3 | Mangled by a merfolk
                  | ... wielding a +0 spear of venom
                  | ... led by a merfolk impaler
                  | (11 damage)
 24819 | Shoals:3 | HP: 2/123 [merfolk/+0 trident[a merfolk impaler] (8)]
 24822 | Shoals:3 | Mangled by a merfolk
                  | ... wielding a +0 trident
                  | (16 damage)
 25030 | Shoals:3 | Noticed Polyphemus
 25047 | Shoals:3 | Killed Polyphemus
 25055 | Shoals:3 | HP: 6/124 [wind drake/the air (21)]
 25058 | Shoals:3 | The Shining One protects you from harm!
 25065 | Shoals:3 | HP: 4/124 [wind drake/the air (6)]
 25066 | Shoals:3 | Killed by the air
                  | ... invoked by a wind drake
                  | (24 damage)
 25345 | Shoals:3 | Killed from afar by a merfolk aquamancer (8 damage)
                  | ... with a ball of steam
 25358 | Shoals:3 | The Shining One protects you from harm!
 25359 | Shoals:3 | HP: 6/124 [merfolk impaler/+2 trident of protection (2)]
 25359 | Shoals:3 | Killed by the raging water
                  | ... invoked by a water nymph
                  | (8 damage)
 25364 | Shoals:3 | HP: 2/124 [merfolk/+0 glaive[a merfolk impaler] (15)]
 25364 | Shoals:3 | Mangled by a merfolk impaler
                  | ... wielding a +2 trident of protection
                  | (11 damage)
 25371 | Shoals:3 | Reached XP level 17. HP: 55/129 MP: 28/28
 25379 | Shoals:3 | HP: 3/129 [merfolk/+0 glaive[a merfolk impaler] (10)]
 25380 | Shoals:3 | Demolished by a merfolk
                  | ... wielding a +0 glaive
                  | ... led by a merfolk impaler
                  | (24 damage)
 25849 | Shoals:4 | Entered Level 4 of the Shoals
 25857 | Shoals:4 | HP: 4/129 [harpy (5)]
 25857 | Shoals:4 | Slain by a merfolk
                  | ... wielding a +0 trident
                  | (6 damage)
 25862 | Shoals:4 | Slain by an alligator snapping turtle (27 damage)
 25870 | Shoals:4 | HP: 4/130 [harpy (4)]
 25870 | Shoals:4 | Slain by a merfolk impaler
                  | ... wielding a +0 trident of flaming
                  | (4 damage)
 26429 | Shoals:4 | Found a transporter.
 26798 | Shoals:4 | Noticed Donald
 26815 | Shoals:4 | Killed Donald
 27062 | Shoals:4 | The Shining One protects you from harm!
 27066 | Shoals:4 | HP: 5/130 [poisoned by a merfolk aquamancer]
 27066 | Shoals:4 | The Shining One protects you from harm!
 27066 | Shoals:4 | HP: 1/130 [merfolk/+0 trident (4)]
 27067 | Shoals:4 | Succumbed to a merfolk aquamancer's poison
 27072 | Shoals:4 | HP: 1/131 [merfolk impaler/+1 trident of freezing (10)]
 27072 | Shoals:4 | Mangled by a water elemental (8 damage)
                  | ... led by a merfolk aquamancer
 27074 | Shoals:4 | Collided with a merfolk (11 damage)
                  | ... caused by a merfolk aquamancer
 27082 | Shoals:4 | Mangled by an alligator snapping turtle (22 damage)
 27087 | Shoals:4 | HP: 6/131 [merfolk javelineer/silver javelin (1)]
 27088 | Shoals:4 | Demolished by an alligator snapping turtle (22 damage)
 27090 | Shoals:4 | The Shining One protects you from harm!
 27090 | Shoals:4 | The Shining One protects you from harm!
 27090 | Shoals:4 | Hit by a silver javelin thrown by a merfolk javelineer (4
                  | damage)
 27094 | Shoals:4 | HP: 2/131 [merfolk impaler/+3 demon trident of freezing
                  | (5)]
 27094 | Shoals:4 | The Shining One protects you from harm!
 27094 | Shoals:4 | The Shining One protects you from harm!
 27094 | Shoals:4 | Hit by a silver javelin thrown by a merfolk javelineer (6
                  | damage)
 27101 | Shoals:4 | HP: 6/131 [merfolk javelineer/silver javelin (10)]
 27102 | Shoals:4 | The Shining One protects you from harm!
 27102 | Shoals:4 | Hit by a silver javelin thrown by a merfolk javelineer (6
                  | damage)
 27106 | Shoals:4 | Mangled by an alligator snapping turtle (14 damage)
 27111 | Shoals:4 | The Shining One protects you from harm!
 27111 | Shoals:4 | HP: 2/131 [merfolk javelineer/silver javelin (6)]
 27112 | Shoals:4 | The Shining One protects you from harm!
 27112 | Shoals:4 | Hit by a silver javelin thrown by a merfolk javelineer (21
                  | damage)
 27120 | Shoals:4 | The Shining One protects you from harm!
 27120 | Shoals:4 | HP: 4/131 [merfolk javelineer/silver javelin (9)]
 27120 | Shoals:4 | The Shining One protects you from harm!
 27121 | Shoals:4 | The Shining One protects you from harm!
 27122 | Shoals:4 | The Shining One protects you from harm!
 27122 | Shoals:4 | The Shining One protects you from harm!
 27123 | Shoals:4 | Hit by a silver javelin thrown by a merfolk javelineer (3
                  | damage)
 27132 | Shoals:4 | Hit by a silver javelin thrown by a merfolk javelineer (20
                  | damage)
 27155 | Shoals:4 | Slain by an alligator snapping turtle (17 damage)
 27325 | Shoals:4 | Found a transporter.
 27520 | Shoals:4 | Shot with an arrow by a satyr (23 damage)
 27543 | Shoals:4 | Noticed javelincjr's ghost (adept GnSu)
 27750 | Shoals:4 | HP: 3/131 [snapping turtle (4)]
 27751 | Shoals:4 | Identified the +0 cloak of Time Monsters {rF+}
 27751 | Shoals:4 | Demolished by a harpy (19 damage)
 27755 | Shoals:4 | HP: 2/131 [javelincjr's ghost (12)]
 27756 | Shoals:4 | Demolished by a snapping turtle (17 damage)
 27773 | Shoals:4 | Killed javelincjr's ghost
 28081 | Shoals:4 | Identified the staff of Income {rElec MP+9 Air}
 28338 | Shoals:4 | HP: 2/131 [merfolk javelineer/javelin (17)]
 28339 | Shoals:4 | Hit by a javelin thrown by a merfolk javelineer (9 damage)
 28354 | Shoals:4 | Hit by a javelin thrown by a merfolk javelineer (13 damage)
 28366 | Shoals:4 | HP: 3/131 [merfolk impaler/+0 trident (5)]
 28367 | Shoals:4 | Succumbed to a merfolk javelineer's poison
 28372 | Shoals:4 | HP: 2/131 [merfolk javelineer/javelin (13)]
 28372 | Shoals:4 | Hit by a javelin thrown by a merfolk javelineer (5 damage)
 28380 | Shoals:4 | Slain by a merfolk impaler
                  | ... wielding a +0 trident of freezing
                  | (18 damage)
 28562 | Shoals:4 | Found Pokozaaps's Antique Weapon Boutique.
 28856 | Shoals:4 | Got a barnacled rune of Zot
 29029 | Snake:1  | Entered Level 1 of the Snake Pit
 29362 | Snake:1  | Noticed Nikola
 29366 | Snake:1  | Killed from afar by Nikola (44 damage)
                  | ... with an arc of chain lightning
 29367 | Snake:1  | Noticed Louise
 29374 | Snake:1  | Killed from afar by Nikola (94 damage)
                  | ... with an arc of chain lightning
 29378 | Abyss:2  | Cast into level 2 of the Abyss (Louise)
 29400 | Abyss:2  | Found a runed translucent door.
 29405 | Abyss:2  | Found a corrupted altar of Lugonu.
 29413 | Snake:1  | Escaped the Abyss
 29417 | Snake:1  | Killed Louise
 29426 | Snake:1  | The Shining One protects you from harm!
 29428 | Snake:1  | Killed from afar by Nikola (20 damage)
                  | ... with a bolt of lightning
 29432 | Snake:1  | Killed Nikola
 29438 | Snake:1  | Reached XP level 18. HP: 26/138 MP: 30/30
 29441 | Snake:1  | HP: 6/138 [poisoned by a naga ritualist (toxic radiance)]
 29443 | Snake:1  | HP: 2/138 [poisoned by a naga ritualist (toxic radiance)]
 29444 | Snake:1  | The Shining One protects you from harm!
 29444 | Snake:1  | Mangled by a salamander
                  | ... wielding a +0 halberd
                  | (11 damage)
 29449 | Snake:1  | Noticed Kirke
 29465 | Snake:1  | HP: 4/138 [hog[Kirke] (14)]
 29465 | Snake:1  | The Shining One protects you from harm!
 29466 | Snake:1  | Mangled by a manticore (11 damage)
                  | ... summoned by Kirke
 29470 | Snake:1  | Slain by a hog (9 damage)
                  | ... led by Kirke
 29472 | Snake:1  | HP: 6/138 [hog[Kirke] (11)]
 29472 | Snake:1  | Mangled by a manticore (13 damage)
                  | ... summoned by Kirke
 29476 | Snake:1  | The Shining One protects you from harm!
 29476 | Snake:1  | The Shining One protects you from harm!
 29476 | Snake:1  | HP: 1/138 [manticore[Kirke] (12)]
 29476 | Snake:1  | Mangled by a manticore (7 damage)
                  | ... summoned by Kirke
 29478 | Snake:1  | Noticed a sphinx
 29478 | Snake:1  | Killed Kirke
 29514 | Snake:1  | The Shining One protects you from harm!
 29515 | Snake:1  | The Shining One protects you from harm!
 29515 | Snake:1  | Slain by a shock serpent (13 damage)
 30382 | Snake:2  | HP: 5/139 [constriction (2)]
 30382 | Snake:2  | HP: 1/139 [constriction (4)]
 30383 | Snake:2  | Slain by an anaconda (6 damage)
 30423 | Snake:2  | Slain by a shock serpent (12 damage)
 30432 | Snake:2  | Slain by a shock serpent (11 damage)
 30530 | Snake:2  | HP: 7/140 [constriction (1)]
 30530 | Snake:2  | Asphyxiated
 30533 | Snake:2  | Succumbed to a naga warrior's splash of poison
 30597 | Snake:2  | Reached skill level 10 in Stealth
 30912 | Snake:2  | Killed from afar by a shock serpent (21 damage)
                  | ... with a bolt of electricity
 30975 | Snake:2  | Slain by a naga warrior
                  | ... wielding a +0 trident
                  | (31 damage)
 30992 | Snake:2  | HP: 6/140 [naga warrior/+0 trident (17)]
 30994 | Snake:2  | Demolished by a naga warrior
                  | ... wielding a +0 trident
                  | (27 damage)
 31254 | Snake:3  | Found a frozen archway.
 31276 | IceCv    | Entered an ice cave
 32192 | Snake:3  | Slain by a phantasmal warrior (23 damage)
 32201 | Snake:3  | Mangled by a naga warrior
                  | ... wielding a +0 trident
                  | (22 damage)
 32202 | Snake:3  | The Shining One protects you from harm!
 32202 | Snake:3  | The Shining One protects you from harm!
 32203 | Snake:3  | The Shining One protects you from harm!
 32203 | Snake:3  | The Shining One protects you from harm!
 32203 | Snake:3  | HP: 2/140 [naga mage/+0 spear (9)]
 32203 | Snake:3  | Annihilated by a naga warrior
                  | ... wielding a +0 war axe
                  | (27 damage)
 32207 | Snake:3  | Demolished by a naga warrior
                  | ... wielding a +0 trident
                  | (37 damage)
 32210 | Snake:3  | Succumbed to a naga mage's bolt of poison
 32211 | Snake:3  | Demolished by a naga warrior
                  | ... wielding a +0 trident
                  | (31 damage)
 32215 | Snake:3  | Annihilated by a naga warrior
                  | ... wielding a +0 war axe
                  | (32 damage)
 32542 | Snake:3  | HP: 6/140 [constriction (3)]
 32543 | Snake:3  | The Shining One protects you from harm!
 32545 | Snake:3  | HP: 2/141 [poisoned by a guardian serpent (bolt of poison)]
 32547 | Snake:3  | Killed from afar by a shock serpent (6 damage)
                  | ... with an electric aura
 33065 | Snake:3  | Found Pongeq's Antique Weapon Boutique.
 33075 | Snake:3  | Reached XP level 19. HP: 101/147 MP: 31/31
 33076 | Snake:3  | Found Anlesm's Book Boutique.
 33091 | Snake:3  | HP: 5/147 [salamander (6)]
 33093 | Snake:3  | Mangled by a salamander tyrant (11 damage)
 33195 | Snake:3  | Found a glowing silver altar of Zin.
 33365 | Snake:3  | HP: 4/147 [poisoned by a naga mage (bolt of poison)]
 33365 | Snake:3  | HP: 1/147 [naga mage/bolt of poison (3)]
 33366 | Snake:3  | Succumbed to a naga mage's bolt of poison
 33924 | Snake:4  | Entered Level 4 of the Snake Pit
 33930 | Snake:4  | Found a transporter.
 33936 | Snake:4  | Found Bustriph's Armour Shop.
 33996 | Snake:4  | Found a transporter.
 34010 | Snake:4  | Found Vuekkuph's Antique Armour Boutique.
 34106 | Snake:4  | Reached skill level 10 in Invocations
 34674 | Snake:4  | Found Odil Kui's Jewellery Emporium.
 34683 | Snake:4  | Bought the ring of Aroq {rPois Dex+2 SInv} for 495 gold
                  | pieces
 34803 | Snake:4  | HP: 1/147 [nagaraja/+0 whip (11)]
 34803 | Snake:4  | Constricted to death by a nagaraja (1 damage)
 34808 | Snake:4  | HP: 6/148 [asphyx]
 34808 | Snake:4  | HP: 2/148 [nagaraja/splash of poison (4)]
 34809 | Snake:4  | Succumbed to nagaraja's concentrated venom
 34812 | Snake:4  | Succumbed to a naga's splash of poison
 34880 | Snake:4  | Slain by a black mamba

Illustrated notes

Levels and vault maps discovered:
D:1:      minmay_arrival_hallway, layout_loops_cross, minivault_24
D:2:      layout_rooms, minmay_increasing_density
D:3:      layout_basic, portal_sewer_entry_e, uniq_sigmund
D:4:      corexii_shantytown, layout_cave_pods, slow_altar_1,
          minmay_starry_boxes
D:5:      layout_loops_ring, mainiacjoe_overflow_six_doors_small,
          minmay_temple_entry_fiery, uniq_grinder
D:6:      layout_rooms, nemelex_xobeh_ov_fountains_minmay,
          grunt_temple_overflow_open
D:7:      layout_cave_pods, okawaru_trees_2
D:8:      nicolae_cairo_tiling_large_dashed, layout_gridville,
          nicolae_qazlal_style_of_elements, zin_statuary
D:9:      layout_loops_cross, erik_orc_4, lightli_church_of_beogh
D:10:     layout_roguey [special_room_orc], elyvilon_altar_3, enter_bailey_3,
          uniq_erolcha
D:11:     gammafunk_indiana_jones, layout_basic, david_lair_generic
Temple:   nicolae_temple_ecumenical_triangle
Lair:1:   layout_regular_city, chequers_serial_rivers_micro_a,
          nicolae_lair_liquid_snakes, grunt_megastairs_3, serial_bayou_shore_b,
          uniq_jeremiah
Lair:2:   layout_chaotic_city, elwin_shoals_entry_stream,
          nicolae_snake_entry_squirm, serial_bayou_pond_c,
          infiniplex_staircase_pool
Lair:3:   layout_chaotic_city, dreamdust_mushroom_princess
Lair:4:   layout_concentric_octagons, nicolae_slime_entry_slimehenge
Lair:5:   evilmike_catoblepas_cave, layout_misc_corridors, lemuel_fruit_tree,
          serial_bayou_shore_a
Shoals:1: layout_shoals, nicolae_shoals_beach_cooler
Shoals:2: layout_shoals
Shoals:3: layout_shoals, uniq_polyphemus
Shoals:4: shoals_end_grunt_ice, layout_shoals,
          gammafunk_ghost_berserking_beasts, serial_shops, shop, uniq_donald
Snake:1:  layout_onion, uniq_louise, uniq_kirke, uniq_nikola
Snake:2:  layout_onion_interference
Snake:3:  layout_onion_interference, portal_ice_cave_entry_ice_statue_two,
          basic_altar, nicolae_snake_ghostly_warrior_ritual, minmay_shop_star,
          serial_bayou_shore_b, grunt_megastairs_5
Snake:4:  grunt_snake_rune_spirals, layout_onion, serial_shops,
          nicolae_shop_drivethru, shop, shop
Orc:1:    giant_chief_lemuel, layout_diamond_mine
Orc:2:    st_orc_rangers, layout_caves, enter_volcano_1, gauntlet_entry_generic,
          minmay_shop_enchanted_jewellery

Skill      XL: |  1  2  3  4  5  6  7  8  9 10 11 12 13 14 15 16 17 18 19 |
---------------+----------------------------------------------------------+-----
Axes           | 3 4 5 6 7 9 10 11 12 13 14 15 16 | 16.8
Armour         | 4 5 6 7 8 9 10 11 12 13 14 | 14.3
Shields        | 4 5 6 7 8 9 10 11 12 13 14 | 14.0
Fighting       | 4 5 6 7 8 9 10 11 12 | 12.7
Stealth        | 1 3 4 5 6 7 8 9 10 | 10.7
Invocations    | 1 3 4 5 6 7 8 9 10 | 10.1
Evocations     | 1 2 3 4 5 6 7 8 9 |  9.2
Spellcasting   | 1 2 3 4 5 6 7 8 |  8.8

Action                     |  1- 3 |  4- 6 |  7- 9 | 10-12 | 13-15 | 16-18 | 19-21 || total
---------------------------+-------+-------+-------+-------+-------+-------+-------++-------
  Melee: War axe           |    65 |   110 |   226 |   287 |   724 |   949 |   118 ||  2479
         Unarmed           |       |       |       |       |       |    19 |       ||    19
    Use: Scroll            |     5 |     2 |     6 |     3 |     6 |     8 |     1 ||    31
 Armour: Scale mail        |    27 |       |       |       |       |       |       ||    27
         Chain mail        |    42 |    63 |   158 |   229 |       |       |       ||   492
         Plate armour      |       |       |       |   175 |  1166 |  1505 |   132 ||  2978
         Skin              |       |       |       |       |       |    76 |       ||    76
  Dodge: Dodged            |    27 |    29 |    53 |   155 |   424 |   373 |    36 ||  1097
  Block: Buckler           |    11 |       |       |       |       |       |       ||    11
         Kite shield       |       |    42 |   100 |   298 |   356 |       |       ||   796
         Tower shield      |       |       |       |       |   486 |  1497 |   196 ||  2179

Table legend: (Time is in decaauts)
 A = Elapsed time spent in this place.
 B = Non-inter-level travel time spent in this place.
 C = Inter-level travel time spent in this place.
 D = Time resting spent in this place.
 E = Time spent auto-exploring this place.
 F = Levels seen in this place.
 G = Mean time per level.
                   A        B        C        D        E       F      G
               +--------+--------+--------+--------+--------+-----+--------+
         Total |  35739 |  34752 |    987 |   1483 |  26011 |  33 | 1083.0 |
       Dungeon |   9950 |   9492 |    458 |    174 |   7566 |  11 |  904.5 |
        Temple |     24 |     18 |      6 |      0 |      0 |   1 |   24.0 |
          Lair |   7967 |   7657 |    310 |    503 |   5858 |   5 | 1593.4 |
        Shoals |   7813 |   7712 |    101 |    223 |   5954 |   4 | 1953.2 |
     Snake Pit |   5118 |   5070 |     48 |     27 |   3987 |   4 | 1279.5 |
  Orcish Mines |   2491 |   2427 |     64 |    403 |   1564 |   2 | 1245.5 |
         Abyss |    414 |    414 |      0 |      0 |      0 |   2 |  207.0 |
         Sewer |    402 |    402 |      0 |      0 |    264 |   1 |  402.0 |
        Bailey |    238 |    238 |      0 |      0 |    175 |   1 |  238.0 |
      Ice Cave |    903 |    903 |      0 |      0 |    490 |   1 |  903.0 |
       Volcano |    414 |    414 |      0 |    153 |    152 |   1 |  414.0 |
               +--------+--------+--------+--------+--------+-----+--------+

Top non-repeatable levels by time:
Shoals:4: 3097 daAuts
  Lair:5: 2234 daAuts
  Lair:2: 1879 daAuts
 Snake:3: 1857 daAuts
Shoals:3: 1741 daAuts
Shoals:1: 1630 daAuts
  Lair:1: 1530 daAuts
  Lair:4: 1453 daAuts
     D:4: 1406 daAuts
Shoals:2: 1343 daAuts
 Snake:1: 1295 daAuts
   Orc:1: 1294 daAuts
   Orc:2: 1196 daAuts
     D:9: 1161 daAuts
     D:7: 1160 daAuts
